 Dungeon Crawl Stone Soup version 0.30.1-9-gdf580d7c3d (webtiles) character file.

Game seed: 8286287994098598528

256 Dillybarz the Chopper (level 5, -3/47 HPs)
             Began as a Minotaur Fighter on Oct 17, 2023.
             Slain by a gnoll
             ... wielding a +0 spear
              (5 damage)
             ... on level 3 of the Dungeon.
             The game lasted 00:04:43 (1579 turns).

Dillybarz the Chopper (Minotaur Fighter)            Turns: 1579, Time: 00:04:43

Health: -3/47      AC:  7    Str: 23    XL:     5   Next: 92%
Magic:  4/4        EV:  9    Int:  5    God:
Gold:   74         SH:  4    Dex:  9    Spells: 4/4 levels left

rFire   . . .        a - +0 war axe
rCold   . . .        c - +0 buckler
rNeg    . . .        b - +0 scale mail
rPois   .            (helmet restricted)
rElec   .            (no cloak)
rCorr   .            (no gloves)
SInv    .            (no boots)
Will    .....        (no amulet) Stlth
                     l - ring of flight
HPRegen 0.27/turn    (no ring)
MPRegen 0.09/turn

%: no passive effects
@: flying
A: horns 2, retaliatory headbutt
a: no special abilities


You were on level 3 of the Dungeon.
You visited 1 branch of the dungeon, and saw 3 of its levels.

You collected 74 gold pieces.

Inventory:

Hand Weapons
 a - a +0 war axe (weapon)
Missiles
 f - 3 poisoned darts
 g - 21 stones (quivered)
 k - 6 datura-tipped darts
Armour
 b - a +0 scale mail (worn)
 c - a +0 buckler (worn)
Jewellery
 l - a ring of flight (left hand)
Scrolls
 e - 4 scrolls of identify
 i - a scroll of teleportation
 p - a scroll of magic mapping {unknown}
 r - a scroll of blinking {unknown}
 s - 2 scrolls of immolation
Potions
 d - a potion of might
 h - a potion of brilliance
 j - 2 potions of ambrosia
 m - a potion of cancellation {unknown}
 n - 2 potions of degeneration {unknown}
 o - a potion of heal wounds {unknown}
 q - 2 potions of curing {unknown}


   Skills:
 + Level 4.8 Fighting
 * Level 5.1 Axes
 + Level 4.8 Armour
 + Level 4.9 Shields


You had 4 spell levels left.
You didn't know any spells.
Your spell library contained the following spells:

 Spells                   Type           Power      Damage    Failure   Level
 Ensorcelled Hibernation  Hex/Ice        0%         N/A       93%         2
 Passwall                 Tmut/Erth      0%         N/A       93%         2
 Swiftness                Air            0%         N/A       99%         3
 Fireball                 Conj/Fire      0%         3d3       100%        5
 Iskenderun's Battlesphe  Conj           0%         2d6       100%        5
 Conjure Ball Lightning   Conj/Air       0%         3x3d6     100%        6
 Orb of Destruction       Conj           0%         9d5       100%        7


Dungeon Overview and Level Annotations

Branches:
Dungeon (3/15)

Altars:


Innate Abilities, Weirdness & Mutations

You have a pair of horns on your head.
You reflexively headbutt those who attack you in melee.


Message History

There is an open door here.
There is a stone staircase leading down here.
You fly downwards.
Found a yellow potion, a scroll of identify and an encrusted fluorescent wand.
There is a stone staircase leading up here.
As you read the scroll labelled YBIUHEOZXI, it crumbles to dust.
You feel strangely unstable.
It was a scroll of teleportation.
You fly upwards.
Your surroundings suddenly seem different.
There is a stone staircase leading down here.
You fly downwards.
The gnoll shouts! x3
The bat hits you but does no damage.
There is a stone staircase leading up here.
You closely miss the bat. You headbutt the bat.
You kill the bat!
The gnoll barely misses you.
A gnoll comes into view. It is wielding a +0 flail.
The gnoll hits you from afar with a +0 halberd!
Found a glowing leather armour.
The gnoll hits you with a +0 halberd.
You see here a bat corpse.
You hit the gnoll.
The gnoll is moderately wounded.
The gnoll hits you with a +0 halberd!
The gnoll hits you from afar with a +0 spear.
You slash the gnoll!
You kill the gnoll!
The gnoll hits you from afar with a +0 spear.
The gnoll barely misses you. The gnoll hits you with a +0 spear.
The gnoll hits you with a +0 flail.
* * * LOW HITPOINT WARNING * * *
The gnoll hits you but does no damage.
You see here a +0 halberd.
You barely miss the gnoll. You hit the gnoll. You barely miss the gnoll.
The gnoll hits you with a +0 spear!
* * * LOW HITPOINT WARNING * * *
The gnoll hits you with a +0 flail.
* * * LOW HITPOINT WARNING * * *
The gnoll hits you but does no damage. The gnoll hits you with a +0 spear.
You die...

### ..#
#.# ##.##
##...##
##.....##
+..ggg.[+
#.@.#
#.†.#
#.<.#
#...#
#...#
..⌠..
#.....#
##...##
##.##


You could see 3 gnolls.

Vanquished Creatures
  Sigmund (D:2)
  A gnoll (D:3)
  3 adders (D:2)
  2 worms (D:2)
  2 dart slugs (D:2)
  8 ball pythons (D:1)
  5 bats
  2 endoplasms
  2 giant cockroaches (D:1)
  3 goblins
  4 hobgoblins
  5 jackals (D:2)
  3 kobolds
  3 quokkas
  A frilled lizard (D:1)
  7 rats
52 creatures vanquished.

Notes
Turn   | Place    | Note
-------+----------+-------------------------------------------
     0 | D:1      | Dillybarz the Minotaur Fighter began the quest for the Orb.
     0 | D:1      | Reached XP level 1. HP: 19/19 MP: 0/0
   106 | D:1      | Reached XP level 2. HP: 27/27 MP: 1/1
   197 | D:1      | Reached skill level 3 in Axes
   546 | D:1      | Reached XP level 3. HP: 33/33 MP: 2/2
  1248 | D:2      | Noticed Sigmund
  1258 | D:2      | Reached XP level 4. HP: 15/40 MP: 3/3
  1260 | D:2      | Killed Sigmund
  1261 | D:2      | Reached skill level 4 in Axes
  1261 | D:2      | Reached XP level 5. HP: 19/47 MP: 4/4
  1380 | D:2      | Reached skill level 5 in Axes
  1579 | D:3      | HP: 2/47 [gnoll/+0 flail (5)]
  1579 | D:3      | Slain by a gnoll

Illustrated notes

Levels and vault maps discovered:
D:1:      heliophobic_arrival_battle_scene, layout_loops_ring,
          hangedman_decor_clover_reticule
D:2:      layout_basic, grunt_ministairs_8, dreamdust_princess_bridge,
          uniq_sigmund
D:3:      layout_rooms, mainiacjoe_overflow_six_doors_small,
          grunt_decor_mini_mirrors, grunt_ministairs_15,
          hangedman_feature_mirror, minmay_cupped, uniq_robin

Skill      XL: |  1  2  3  4  5 |
---------------+----------------+-----
Axes           | 3 4 5 |  5.1
Shields        | 4 |  4.9
Armour         | 4 |  4.8
Fighting       | 4 |  4.8

Action                     |  1- 3 |  4- 6 || total
---------------------------+-------+-------++-------
  Melee: War axe           |    87 |    13 ||   100
         Headbutt          |    10 |     4 ||    14
    Use: Scroll            |     5 |     1 ||     6
 Armour: Scale mail        |    53 |     9 ||    62
  Dodge: Dodged            |    46 |     7 ||    53
  Block: Buckler           |    14 |       ||    14
